AoeStats
← 散步黑鵝

Black Forest

507717005Analyzed
4v4 RM · 13d ago on Sep 19, 2026· 48m 58s· 8 players
Game mode
Random Map
Map size
Large (8 player)
Population
200
Speed
Normal
Resources
Standard
Victory
Conquest
Starting age
Dark Age
Ending age
Imperial Age
RankedLock teamsTeams togetherTeam positionsShared explorationLock speedFull tech treeHidden civsTurbo modeCheats
Victory
Defeat
🇹🇼 Persians · Taiwan
2056
+7
🇭🇰 Ethiopians · Hong Kong SAR China
2045
+7
🇹🇼 Britons · Taiwan
2033
+7
🇹🇼 Malay · Taiwan
1935
+11
🇪🇸 Persians · Spain
1911
-10
🇰🇷 Burgundians · South Korea
1885
-10
🇬🇧 Spanish · United Kingdom
1763
-6
🇨🇳 Cumans · China
1738
-6
CNZS_knightk
4:40 Double-Bit Axe
11:08 Feudal Age
12:21 Bow Saw
14:55 Castle Age
12:54 Horse Collar
13:38 Heavy Plow
20:50 Wheelbarrow
20:27 Gold Mining
22:15 Gold Shaft Mining
25:00 Imperial Age
23:22 Guilds
23:57 Padded Archer Armor
23:47 Treadmill Crane
25:30 Leather Archer Armor
26:44 Chemistry
31:15 Coinage
32:34 Banking
39:28 Stone Mining
40:08 Capped Ram
41:45 Stone Shaft Mining
41:22 Forging
41:12 Scale Mail Armor
41:22 Forging
41:12 Scale Mail Armor
40:43 Pikeman
41:23 Squires
41:08 Arson
41:40 Hand Cart
41:33 Halberdier
43:33 Chain Mail Armor
43:53 Iron Casting
44:11 Caravan
44:44 Plate Mail Armor
44:49 Iron Casting
47:27 Blast Furnace
47:35 Scale Barding Armor
48:38 Chain Barding Armor
47:39 Cavalier
48:19 Husbandry
月月
0:43 Loom
9:50 Feudal Age
11:16 Double-Bit Axe
12:27 Horse Collar
19:46 Castle Age
18:56 Wheelbarrow
19:27 Fletching
20:02 Town Watch
20:47 Bow Saw
24:04 Hand Cart
24:37 Heavy Plow
26:28 Gold Mining
33:19 Imperial Age
31:26 Scale Mail Armor
31:41 Pikeman
33:04 Squires
33:42 Chain Mail Armor
33:33 Halberdier
36:08 Plate Mail Armor
35:33 Bodkin Arrow
35:39 Padded Archer Armor
36:16 Conscription
37:00 Two-Man Saw
37:10 Chemistry
36:31 Ballistics
37:17 Parthian Tactics
37:56 Masonry
38:36 Leather Archer Armor
38:32 Forging
40:26 Ring Archer Armor
39:37 Light Cavalry
40:27 Bloodlines
40:15 Hussar
42:10 Iron Casting
42:11 Scale Barding Armor
46:36 Blast Furnace
45:57 Chain Barding Armor
46:03 Steppe Husbandry
Moneimon
10:29 Feudal Age
14:22 Castle Age
12:45 Double-Bit Axe
13:01 Horse Collar
15:04 Bow Saw
14:55 Heavy Plow
23:16 Wheelbarrow
27:44 Imperial Age
25:17 Loom
26:05 Scale Barding Armor
26:12 Forging
25:54 Gold Mining
25:56 Stone Mining
27:28 Chain Barding Armor
28:31 Gold Shaft Mining
28:28 Bloodlines
28:18 Husbandry
28:51 Conscription
29:44 Chemistry
28:55 Elite War Elephant
30:46 Plate Barding Armor
30:47 Iron Casting
31:01 Crop Rotation
31:44 Two-Man Saw
31:12 Caravan
32:21 Devotion
33:48 Blast Furnace
33:38 Fletching
37:09 Faith
42:36 Coinage
42:16 Guilds
42:43 Guilds
47:46 Citadels
48:09 Ballistics
48:24 Bodkin Arrow
Torpedo
0:40 Loom
4:32 Loom
10:23 Feudal Age
11:07 Double-Bit Axe
12:03 Stone Mining
12:38 Horse Collar
14:19 Fletching
14:35 Padded Archer Armor
15:57 Gold Mining
19:43 Wheelbarrow
23:53 Castle Age
24:58 Hand Cart
24:43 Bodkin Arrow
24:11 Elite Skirmisher
25:16 Leather Archer Armor
25:28 Town Watch
26:04 Ballistics
27:09 Bow Saw
26:59 Heavy Plow
34:51 Imperial Age
37:18 Imperial Age
35:53 Leather Archer Armor
36:51 Bloodlines
36:41 Husbandry
38:34 Ring Archer Armor
38:26 Conscription
39:52 Bracer
44:33 Scale Barding Armor
44:41 Cavalier
46:10 Chain Barding Armor
48:36 Plate Barding Armor
48:12 Forging
47:23 Paladin
Nezzar
10:28 Feudal Age
11:08 Double-Bit Axe
14:04 Castle Age
12:07 Horse Collar
16:10 Bow Saw
18:00 Wheelbarrow
21:19 Hand Cart
21:06 Gold Mining
21:15 Town Watch
23:31 Stone Mining
26:22 Imperial Age
25:03 Stone Shaft Mining
24:32 Scale Mail Armor
24:38 Heavy Plow
26:23 Halberdier
27:19 Chain Mail Armor
28:06 Chemistry
30:08 Torsion Engines
40:56 Conscription
42:17 Siege Engineers
43:36 Halberdier
47:24 Fortified Wall
ANKR.Navvy
9:37 Feudal Age
8:51 Man-at-Arms
10:01 Double-Bit Axe
17:30 Castle Age
15:40 Horse Collar
16:25 Gold Mining
17:26 Bow Saw
18:17 Town Watch
20:18 Town Patrol
20:57 Wheelbarrow
21:05 Heavy Plow
25:10 Loom
29:47 Imperial Age
28:02 Forging
27:22 Pikeman
28:39 Squires
28:40 Halberdier
30:32 Chemistry
30:40 Conscription
33:12 Illumination
33:07 Sanctity
33:35 Block Printing
38:12 Redemption
40:32 Siege Engineers
40:48 Devotion
42:41 Iron Casting
42:29 Hand Cart
42:35 Caravan
42:56 Guard Tower
42:58 Fletching
46:18 Keep
46:04 Ballistics
47:04 Ballistics
46:41 Bodkin Arrow
47:32 Bracer
48:37 Blast Furnace
48:54 Coinage
Rayz
10:50 Feudal Age
11:22 Double-Bit Axe
11:17 Horse Collar
14:17 Castle Age
15:00 Bow Saw
15:28 Wheelbarrow
15:10 Heavy Plow
23:40 Stone Mining
24:10 Gold Mining
28:53 Imperial Age
27:04 Gold Shaft Mining
26:59 Hand Cart
26:30 Loom
27:17 Hand Cart
27:50 Scale Barding Armor
29:14 Chain Barding Armor
29:36 Stone Shaft Mining
30:13 Two-Man Saw
29:27 Guilds
28:43 Elite War Elephant
29:44 Conscription
30:23 Crop Rotation
30:53 Plate Barding Armor
30:40 Forging
32:04 Iron Casting
32:17 Bloodlines
32:07 Husbandry
34:18 Blast Furnace
38:14 Coinage
38:05 Caravan
39:28 Banking
39:00 Caravan
45:23 Masonry
散步黑鵝
5:04 Loom
10:09 Feudal Age
10:49 Double-Bit Axe
12:06 Fletching
17:30 Castle Age
18:08 Bodkin Arrow
17:35 Crossbowman
24:10 Wheelbarrow
35:36 Imperial Age
35:11 Bow Saw
34:41 Horse Collar
36:29 Bracer
40:08 Yeomen
40:40 Ballistics
41:20 Chemistry
40:31 Arbalester
44:21 Padded Archer Armor
44:50 Conscription
46:21 Conscription
46:06 Elite Longbowman
48:26 Caravan
49:01 Guilds
Connection lost

Rejoining the realm…

Still unreachable

The connection could not be restored.

Session expired

The server has moved on; the page needs a fresh start.